AoeStats
← CazadorGT

Arabia

508964577Analyzed
4v4 RM · 7d ago on Sep 24, 2026· 54m 24s· 8 players
Game mode
Random Map
Map size
Large (8 player)
Population
200
Speed
Normal
Resources
Standard
Victory
Conquest
Starting age
Dark Age
Ending age
Imperial Age
RankedLock teamsTeams togetherTeam positionsShared explorationLock speedFull tech treeHidden civsTurbo modeCheats
Victory
Defeat
🇬🇹 Maya · Guatemala
1199
+8
🇻🇪 Persians · Venezuela
1151
+10
🇮🇹 Mongols · Italy
1044
+14
🇦🇷 Franks · Argentina
834
+21
🇩🇪 Slavs · Germany
1024
-14
🇪🇸 Bulgarians · Spain
1006
-14
🇻🇪 Huns · Venezuela
988
-13
🇨🇱 Goths · Chile
975
-12
AnanasGnom43768
11:03 Feudal Age
14:19 Loom
21:17 Horse Collar
21:25 Double-Bit Axe
26:32 Castle Age
26:52 Forging
26:52 Scale Barding Armor
35:51 Stone Mining
37:30 Pikeman
38:11 Squires
Rey_Pablium
8:53 Loom
11:26 Feudal Age
12:44 Double-Bit Axe
21:34 Castle Age
21:50 Bloodlines
30:45 Scale Barding Armor
30:51 Forging
31:52 Chain Barding Armor
33:10 Iron Casting
33:42 Husbandry
the King
0:28 Loom
11:33 Feudal Age
18:31 Castle Age
20:51 Horse Collar
21:27 Fletching
21:38 Padded Archer Armor
24:20 Double-Bit Axe
25:30 Elite Skirmisher
30:33 Ballistics
38:03 Imperial Age
39:46 Chemistry
41:09 Bodkin Arrow
41:30 Leather Archer Armor
RafaelLoz
1:11 Loom
12:45 Feudal Age
14:30 Wheelbarrow
17:22 Castle Age
15:27 Double-Bit Axe
16:40 Horse Collar
24:29 Pikeman
27:53 Squires
31:26 Gold Mining
34:05 Heavy Plow
36:48 Imperial Age
34:59 Anarchy
38:04 Bow Saw
38:55 Halberdier
40:19 Scale Mail Armor
41:27 Hand Cart
42:41 Forging
44:50 Iron Casting
46:20 Blast Furnace
45:53 Perfusion
45:51 Elite Huskarl
49:21 Man-at-Arms
50:39 Long Swordsman
CazadorGT
0:26 Loom
9:00 Feudal Age
12:32 Double-Bit Axe
12:54 Fletching
16:21 Horse Collar
18:01 Padded Archer Armor
22:47 Castle Age
23:04 Gold Mining
23:30 Bodkin Arrow
23:07 Crossbowman
27:01 Leather Archer Armor
31:22 Wheelbarrow
31:03 Heavy Plow
31:15 Bow Saw
40:12 Imperial Age
38:31 Ballistics
40:33 Town Watch
41:31 Bracer
40:58 Arbalester
42:05 Hand Cart
42:40 Forging
43:18 Conscription
43:50 Crop Rotation
43:08 Eagle Warrior
45:42 Two-Man Saw
45:11 Squires
44:37 Elite Eagle Warrior
47:12 Holcans
48:42 Iron Casting
48:07 Scale Mail Armor
49:38 Town Patrol
50:39 Blast Furnace
50:58 Chain Mail Armor
verbumdei76
0:42 Loom
10:35 Feudal Age
16:29 Forging
19:55 Scale Barding Armor
22:25 Castle Age
20:47 Double-Bit Axe
20:50 Horse Collar
22:07 Gold Mining
24:20 Bloodlines
25:05 Heavy Plow
26:32 Town Watch
29:23 Fletching
33:13 Wheelbarrow
34:08 Fervor
34:30 Chain Barding Armor
34:57 Iron Casting
36:15 Bow Saw
40:28 Imperial Age
44:14 Blast Furnace
42:41 Cavalier
43:38 Masonry
45:13 Conscription
44:56 Padded Archer Armor
45:34 Hand Cart
46:17 Ballistics
46:18 Town Patrol
47:07 Elite Steppe Lancer
48:15 Fortified Wall
48:04 Murder Holes
48:20 Bodkin Arrow
52:51 Husbandry
dejame_ganar
5:20 Loom
9:48 Feudal Age
10:21 Double-Bit Axe
20:45 Fletching
21:14 Town Watch
25:41 Castle Age
23:50 Padded Archer Armor
24:20 Forging
24:15 Scale Barding Armor
26:09 Bodkin Arrow
26:30 Leather Archer Armor
25:37 Crossbowman
27:49 Thumb Ring
28:04 Husbandry
35:10 Iron Casting
34:40 Scale Barding Armor
35:32 Bloodlines
48:34 Imperial Age
46:39 Wheelbarrow
46:05 Town Patrol
48:13 Cavalier
51:54 Savar
54:35 Blast Furnace
53:41 Scale Barding Armor
COSTAMDP
11:30 Feudal Age
14:20 Forging
21:15 Castle Age
28:42 Iron Casting
35:57 Gold Mining
35:58 Stone Mining
37:46 Scale Barding Armor
54:48 Gold Shaft Mining
54:41 Double-Bit Axe
Connection lost

Rejoining the realm…

Still unreachable

The connection could not be restored.

Session expired

The server has moved on; the page needs a fresh start.